[Event "*** SCC Grand Prix: Titled Tuesday Blitz"]
[Site "Chess.com"]
[Date "2020.07.21"]
[Round "1"]
[White "MateSchmate"]
[Black "nrvisakh"]
[Result "0-1"]
[WhiteElo "2415"]
[BlackElo "2831"]
[TimeControl "180+1"]
[EndTime "10:06:46 PDT"]
[Termination "nrvisakh won by checkmate"]

1. e4 c6 2. Bc4 d5 3. Bb3 dxe4 4. Qh5 g6 5. Qh4 Nf6 6. Nc3 Bg7 7. f3 O-O 8. fxe4 Nbd7 9. Nf3 Nc5 10. d3 a5 11. Be3 a4 12. Bc4 Na6 13. a3 Ng4 14. Bd2 e5 15. Qxd8 Rxd8 16. O-O h6 17. Bxf7+ Kxf7 18. Nxe5+ Kg8 19. Nxg6 Kh7 20. Nf4 Bd4+ 21. Kh1 Nf2+ 22.
Rxf2 Bxf2 23. Rf1 Bd4 24. h3 Nc5 25. Nd1 Bh8 26. Bb4 Ne6 27. Nh5 c5 28. Bd2 Rf8 29. Rxf8 Nxf8 30. c3 Be6 31. Ne3 Ng6 32. g4 Rd8 33. Nf5 Rxd3 34. Bxh6 Bxf5 35. exf5 Kxh6 36. fxg6 Rxh3+ 37. Kg2 Rd3 38. Ng3 Kxg6 39. Ne4 b6 40. Kf2 Be5 41. Ke2 c4 42. Nd2 b5 43. Nf3 Bf6 44. Ne1 Rh3 45. Nc2 Rh2+ 46. Kd1 Bg5 47. Nd4 Rxb2 48. Nc6 Bf6 49. Kc1 Rb3 50. Kc2 Rxc3+ 51.
Kb2 Rb3+ 52. Ka2 Rb2+ 53. Ka1 Rf2+ 54. Kb1 c3 55. Nb4 Rb2+ 56. Ka1 c2 57. Nd3 Rb1+ 58. Ka2 Ra1# 0-1

[Event "*** SCC Grand Prix: Titled Tuesday Blitz"]
[Site "Chess.com"]
[Date "2020.07.21"]
[Round "1"]
[White "Joshukid"]
[Black "MidnightFox"]
[Result "1-0"]
[WhiteElo "2755"]
[BlackElo "2384"]
[TimeControl "180+1"]
[EndTime "10:06:46 PDT"]
[Termination "Joshukid won by resignation"]

1. Nf3 g6 2. d4 Nf6 3. c4 Bg7 4. Nc3 d5 5. Bg5 c5 6. Bxf6 Bxf6 7. cxd5 cxd4 8. Nxd4 Qb6 9. Nb3 O-O 10. e4 a5 11. a4 Na6 12. Bxa6 bxa6 13. O-O Rb8 14. Ra3 Qb4 15. Qd3 Bd7 16. Rfa1 Rfc8 17. Qxa6 Bxc3 18. bxc3 Rxc3 19. h3 Rxb3 20. Rxb3 Qxb3 21. Qxa5 Qc2 22. Qa7 Rb2 23. a5 Bb5 24. a6 Kg7 25. Qd4+ f6 26. a7 Rb1+ 27. Kh2 Qc7+ 28. d6 Qc1 29. Rxb1 1-0

[Event "*** SCC Grand Prix: Titled Tuesday Blitz"]
[Site "Chess.com"]
[Date "2020.07.21"]
[Round "1"]
[White "SidArun"]
[Black "Munkhzul_Turmunkh"]
[Result "0-1"]
[WhiteElo "2257"]
[BlackElo "2600"]
[TimeControl "180+1"]
[EndTime "10:06:46 PDT"]
[Termination "Munkhzul_Turmunkh won by resignation"]

1. d4 Nf6 2. Bg5 d5 3. Bxf6 gxf6 4. e3 c5 5. Nf3 Nc6 6. dxc5 e6 7. c4 Bxc5 8. cxd5 Qxd5 9. Qxd5 exd5 10. Nc3 Be6 11. O-O-O O-O-O 12. Nd4 Nxd4 13. exd4 Bb6 14. Be2 Rhe8 15.
Bf3 Kb8 16. Rhe1 Rg8 17. a3 Bg4 18. Re3 Bxf3 19. Rxf3 Rxg2 20. Rxf6 Rxh2 21. Rxf7 Rh4 22. f4 Bc7 23. Rf1 h5 24. Rf5 Bb6 25. Nxd5 Bxd4 26. Rd1 Bg7 27. Nf6 Rxd1+ 28. Kxd1 Rh1+ 29. Kc2 h4 30. Ne8 Rh2+ 31. Kd3 Bxb2 32. Rd5 a6 33. a4 h3 34. Rh5 Rh1 35. f5 h2 36.
f6 Rd1+ 37. Ke2 h1=Q 38. Rxh1 Rxh1 39. f7 Ba3 0-1

[Event "*** SCC Grand Prix: Titled Tuesday Blitz"]
[Site "Chess.com"]
[Date "2020.07.21"]
[Round "1"]
[White "Haapana"]
[Black "okriak"]
[Result "0-1"]
[WhiteElo "2343"]
[BlackElo "2695"]
[TimeControl "180+1"]
[EndTime "10:06:48 PDT"]
[Termination "okriak won on time"]

1. d4 d6 2. e4 g6 3. Nc3 Bg7 4.
Be3 a6 5. f3 b5 6. Qd2 Bb7 7. Nd1 Nd7 8. c3 c5 9. Bd3 Qc7 10. Ne2 e5 11. Nf2 Ngf6 12. d5 c4 13. Bc2 Nc5 14. b4 cxb3 15. axb3 a5 16. b4 Ncd7 17.
Bd3 axb4 18. Rxa8+ Bxa8 19. cxb4 Qb8 20. Nc3 O-O 21.
Nxb5 Nh5 22. O-O Nf4 23. Bxf4 exf4 24. Rc1 Ne5 25. Be2 f5 26. exf5 Rxf5 27. Nc7 Nd7 28.
Kf1 Nb6 29. Ne4 Nxd5 30. Nxd6 Ne3+ 31. Ke1 Rf8 32. Qa2+ Bd5 33. Nxd5 Qxd6 34. Nxe3+ Kh8 35. Nc4 Qxb4+ 0-1

[Event "*** SCC Grand Prix: Titled Tuesday Blitz"]
[Site "Chess.com"]
[Date "2020.07.21"]
[Round "1"]
[White "nobodyperfect13"]
[Black "DanielMieles1985"]
[Result "0-1"]
[WhiteElo "2279"]
[BlackElo "2619"]
[TimeControl "180+1"]
[EndTime "10:06:48 PDT"]
[Termination "DanielMieles1985 won by resignation"]

1. c4 Nf6 2. Nf3 e6 3. g3 d5 4. d4 c6 5. Bg2 dxc4 6. a4 Bb4+ 7.
Bd2 Be7 8. Na3 Bxa3 9. Rxa3 O-O 10. O-O b5 11. Qa1 a6 12. Bb4 Re8 13. Rd1 Bb7 14.
Ne5 Nd5 15. Bc5 Nd7 16. Nxd7 Qxd7 17. e4 Nf6 18. b3 cxb3 19. Rxb3 a5 20. Rbd3 b4 21.
Qc1 h6 22. R3d2 Qc7 23. h3 Nd7 24. Kh2 Rad8 25. Rc2 Ba6 26. f4 b3 27. Rc3 Rb8 28.
Qb2 Nxc5 29. Rxc5 Rb4 30. Rdc1 Rxa4 31. Rxc6 Qa7 32. R1c5 Rb8 33. Rc8+ Rxc8 34. Rxc8+ Bxc8 35. Qxb3 Qxd4 36. Qc2 Rc4 37. Qa2 Bb7 38. Qb1 Bxe4 39. Qb8+ Kh7 0-1

[Event "*** SCC Grand Prix: Titled Tuesday Blitz"]
[Site "Chess.com"]
[Date "2020.07.21"]
[Round "1"]
[White "andy_rekt"]
[Black "RoelandPruijssers"]
[Result "0-1"]
[WhiteElo "2216"]
[BlackElo "2572"]
[TimeControl "180+1"]
[EndTime "10:06:48 PDT"]
[Termination "RoelandPruijssers won by resignation"]

1. d4 f6 2. c4 e5 3. dxe5 fxe5 4. Nc3 Nf6 5. g3 Bb4 6. Bd2 O-O 7. Bg2 c6 8. Nf3 d6 9. O-O Bf5 10. a3 Ba5 11. b4 Bc7 12. Qb3 Kh8 13. Rad1 Nbd7 14. Bc1 Qe7 15. Rfe1 Be6 16. e4 b5 17. Ng5 Bxc4 18. Qb2 h6 19. Nf3 g5 20. h4 g4 21.
Nh2 Kh7 22. Nf1 Be6 23. Ne3 Bb6 24. Nf5 Bxf5 25. exf5 d5 26. Bf4 Rae8 27. Qd2 Qg7 28. Nxd5 cxd5 29. Bxd5 exf4 30. Be6 fxg3 31. Kg2 gxf2 32.
Re2 Nb8 33. Qf4 Qb7+ 34. Kh2 Bc7 0-1

[Event "*** SCC Grand Prix: Titled Tuesday Blitz"]
[Site "Chess.com"]
[Date "2020.07.21"]
[Round "1"]
[White "Mikasinski"]
[Black "dretch"]
[Result "0-1"]
[WhiteElo "2409"]
[BlackElo "2825"]
[TimeControl "180+1"]
[EndTime "10:06:49 PDT"]
[Termination "dretch won on time"]

1. e4 e6 2. d4 d5 3. Nc3 Nf6 4.
Bg5 dxe4 5. Nxe4 Be7 6. Bxf6 Bxf6 7. Nf3 Nd7 8. Bc4 a6 9. O-O b5 10. Bb3 O-O 11. c3 Bb7 12. Bc2 Be7 13. Re1 Re8 14.
Qd3 g6 15. a4 b4 16. a5 bxc3 17. bxc3 c5 18. Ba4 Rf8 19. Rad1 Nf6 20. Nxf6+ Bxf6 21. dxc5 Qxd3 22. Rxd3 Rfc8 23. Ne5 Rxc5 24. Nd7 Rf5 25. Nxf6+ Rxf6 26. Rd7 Bd5 27. g3 Rc8 28. Re3 Rc5 29.
Rd8+ Kg7 30. Be8 Rxa5 31. f4 g5 32. Re5 gxf4 33. g4 Ra1+ 34. Kf2 Ra2+ 35. Ke1 f3 36. Rdxd5 f2+ 37. Kf1 Ra1+ 0-1

[Event "*** SCC Grand Prix: Titled Tuesday Blitz"]
[Site "Chess.com"]
[Date "2020.07.21"]
[Round "1"]
[White "jb2mix"]
[Black "korkmaz16"]
[Result "1-0"]
[WhiteElo "2672"]
[BlackElo "2329"]
[TimeControl "180+1"]
[EndTime "10:06:50 PDT"]
[Termination "jb2mix won by resignation"]

1. e4 d5 2. exd5 Nf6 3. d4 Bg4 4. Qd3 Qxd5 5. Nc3 Qd7 6. Bf4 Nc6 7. Nge2 Bf5 8. Qd2 Nb4 9. Rc1 O-O-O 10. f3 Nh5 11.
Be3 e5 12. g4 Bxg4 13. fxg4 Qxg4 14. h4 f5 15. Bg5 Rd7 16. Qe3 Be7 17. Bh3 Bxg5 18.
Qxg5 Qxg5 19. hxg5 g6 20. dxe5 Ng7 21. Kf2 Nc6 22. Rcd1 Re7 23. Nf4 Rxe5 24. Ncd5 Rhe8 25. Nf6 R8e7 26. Rhe1 Rxe1 27. Rxe1 Rxe1 28. Kxe1 Nd4 29. Nxh7 Nf3+ 30. Kf2 Nxg5 31. Nxg5 1-0

[Event "*** SCC Grand Prix: Titled Tuesday Blitz"]
[Site "Chess.com"]
[Date "2020.07.21"]
[Round "1"]
[White "m-garcett"]
[Black "Riptide27"]
[Result "0-1"]
[WhiteElo "2058"]
[BlackElo "2504"]
[TimeControl "180+1"]
[EndTime "10:06:52 PDT"]
[Termination "Riptide27 won by resignation"]

1. Nf3 g6 2. g3 Bg7 3. Bg2 e5 4. d3 d5 5. O-O Ne7 6. Nbd2 O-O 7.
e4 Nbc6 8. a4 h6 9. Re1 d4 10. Nc4 Be6 11. b3 Qd7 12. Bd2 a5 13.
Qc1 Kh7 14. h4 Nc8 15. Kh2 Nd6 16. Rh1 Nxc4 17. bxc4 f5 18. Kg1 fxe4 19. dxe4 Bxc4 20. h5 g5 21. Bxg5 hxg5 22. Nxg5+ Kh8 23. h6 Bf6 24. h7 Qg7 25. Nf3 Ne7 26. Ra3 Ng6 27. Qd1 Be7 28. Nd2 Bxa3 29. Nxc4 Bd6 30. Nd2 Rf6 31. Bh3 Raf8 32.
Bf5 Ne7 33. Qf3 Nxf5 34. exf5 Rxf5 35. Qxb7 Rxf2 36. Ne4 Rf1+ 37. Kg2 Rxh1 38. Kxh1 Qxh7+ 39. Kg2 Qf5 40. Qd5 Qf1+ 41. Kh2 Rf7 42. Ng5 Rf2+ 0-1

[Event "*** SCC Grand Prix: Titled Tuesday Blitz"]
[Site "Chess.com"]
[Date "2020.07.21"]
[Round "1"]
[White "penguingm1"]
[Black "r31415"]
[Result "1-0"]
[WhiteElo "2938"]
[BlackElo "2446"]
[TimeControl "180+1"]
[EndTime "10:06:53 PDT"]
[Termination "penguingm1 won by resignation"]

1. d4 d6 2. c4 f5 3. Nf3 Nf6 4. Nc3 g6 5. Bf4 Bg7 6. e3 O-O 7. c5 Nh5 8. Qb3+ e6 9. Bg5 Qe8 10. Nb5 Qd7 11. cxd6 cxd6 12. Rc1 Na6 13. Be2 h6 14.
Bh4 g5 15. Bg3 Nxg3 16. hxg3 Qe7 17. Nd2 Bd7 18. g4 Rac8 19. Rxc8 Rxc8 20. gxf5 Rc1+ 21.
Bd1 Bxb5 22. Qxb5 e5 23. O-O Kh8 24. dxe5 Qxe5 25. Qxb7 Nc5 26. Qc8+ Kh7 27. Nf3 Qxb2 28. Qe8 Qf6 29. Nd4 Ne4 30. Qxe4 1-0

[Event "*** SCC Grand Prix: Titled Tuesday Blitz"]
[Site "Chess.com"]
[Date "2020.07.21"]
[Round "1"]
[White "petincash"]
[Black "EugeneRougon"]
[Result "0-1"]
[WhiteElo "2370"]
[BlackElo "2727"]
[TimeControl "180+1"]
[EndTime "10:06:53 PDT"]
[Termination "EugeneRougon won on time"]

1. e4 d6 2. d4 g6 3. Nc3 Nf6 4. g3 Bg7 5. Bg2 O-O 6. Nge2 e5 7. h3 Nc6 8. Be3 exd4 9. Nxd4 Re8 10. O-O Bd7 11. Kh2 a6 12. a4 Na5 13. b3 c5 14.
Nde2 Bc6 15. Qd3 b5 16. Rad1 b4 17. Nd5 Bxd5 18. exd5 Qc7 19. Rfe1 c4 20. Qd2 cxb3 21. Qxb4 Rab8 22. Qd2 Nc4 23. Qd3 Nb2 24. Qxa6 Nxd1 25. Rxd1 b2 26. Rb1 Qxc2 0-1

[Event "*** SCC Grand Prix: Titled Tuesday Blitz"]
[Site "Chess.com"]
[Date "2020.07.21"]
[Round "1"]
[White "szachuspl"]
[Black "FMOlexandrProhorov"]
[Result "1-0"]
[WhiteElo "2536"]
[BlackElo "2138"]
[TimeControl "180+1"]
[EndTime "10:06:53 PDT"]
[Termination "szachuspl won on time"]

1. d4 g6 2. c4 Bg7 3. Nc3 c5 4. d5 Bxc3+ 5. bxc3 f5 6. f3 Qa5 7. Bd2 Nf6 8. Qc2 d6 9. e4 fxe4 10. fxe4 Nbd7 11. Nf3 Nb6 12. Bd3 Bd7 13. O-O O-O-O 14. e5 Nh5 15. e6 Ba4 16. Qb2 Qa6 17. Rab1 Kc7 18. g4 Nf6 19. Ne1 Nxg4 20. Rf7 Rde8 21. Bg5 Nc8 22. h3 Ne5 23. Qe2 Nxf7 24. exf7 Ref8 25.
Qf3 Kb8 26. Ng2 Bd7 27. Bh6 Qxa2 28. Bg7 Rxf7 29. Qxf7 Rd8 30. Qf2 Qa3 31. h4 Nb6 32.
Qb2 Qa5 33. Bh6 Bc8 34. Bg5 Re8 35. Nf4 Na4 36. Qa1 Qxc3 37. Qxc3 Nxc3 38. Re1 1-0

[Event "*** SCC Grand Prix: Titled Tuesday Blitz"]
[Site "Chess.com"]
[Date "2020.07.21"]
[Round "1"]
[White "OnePeculiarConundrum"]
[Black "GiantThresher"]
[Result "1-0"]
[WhiteElo "2336"]
[BlackElo "2575"]
[TimeControl "180+1"]
[EndTime "10:06:54 PDT"]
[Termination "OnePeculiarConundrum won by checkmate"]

1. e4 e6 2. d4 d5 3. e5 c5 4. c3 Nc6 5. Nf3 Qb6 6. a3 Nh6 7. b4 cxd4 8. Bxh6 gxh6 9. cxd4 Bd7 10. h3 Rg8 11. g3 a5 12. b5 Na7 13. a4 Bb4+ 14.
Nbd2 Rc8 15. Rc1 Ke7 16. Be2 Rxc1 17. Qxc1 Rc8 18. Qb1 Bc3 19. Qd3 Rc4 20. O-O Bxd2 21. Qxd2 Rxa4 22. Qxh6 Bxb5 23. Qf6+ Ke8 24. Ng5 Qc7 25.
Bxb5+ Nxb5 26. Qh8+ Ke7 27. Qf6+ Ke8 28. Qh8+ Kd7 29.
Qxh7 Nxd4 30. Qxf7+ Kc6 31. Qf6 Qd7 32. h4 Ne2+ 33.
Kg2 Nc3 34. h5 Ne4 35. Nxe4 Rxe4 36. Rc1+ Rc4 37. Rb1 d4 38. h6 d3 39. h7 Qxh7 40.
Qxe6+ Kc5 41. Qd6# 1-0

[Event "*** SCC Grand Prix: Titled Tuesday Blitz"]
[Site "Chess.com"]
[Date "2020.07.21"]
[Round "1"]
[White "mitrabhaa"]
[Black "JuliaEfremova"]
[Result "0-1"]
[WhiteElo "2626"]
[BlackElo "2326"]
[TimeControl "180+1"]
[EndTime "10:06:54 PDT"]
[Termination "JuliaEfremova won on time"]

1. Nf3 Nf6 2. g3 g6 3. Bg2 Bg7 4. O-O O-O 5. d4 d6 6. c4 Nbd7 7. Nc3 c6 8. h3 Qc7 9. e4 e5 10.
Be3 b6 11. b3 Bb7 12. Qc2 Rad8 13. Rad1 a6 14. d5 c5 15. Ne1 Nh5 16. Nd3 f5 17. Kh2 f4 18. Bd2 f3 19. Bh1 Rf7 20. Rde1 Rdf8 21.
Re3 Bc8 22. Ne1 Ndf6 23. Bxf3 Qd7 24. Bg2 Nf4 25. gxf4 exf4 26. Rd3 Nh5 27. Nf3 h6 28. Re1 g5 29. e5 dxe5 30. Nxe5 Bxe5 31. Rxe5 f3 32.
Bf1 Qd6 33. Re3 g4 34. Qe4 Bf5 35. Qxg4+ Bxg4 36. hxg4 Re7 37. gxh5 Rxe5 38. Kh1 Rxe3 39. Bxe3 Qe5 0-1

[Event "*** SCC Grand Prix: Titled Tuesday Blitz"]
[Site "Chess.com"]
[Date "2020.07.21"]
[Round "1"]
[White "NotFischer"]
[Black "AlexOstrovskiy"]
[Result "0-1"]
[WhiteElo "2258"]
[BlackElo "2602"]
[TimeControl "180+1"]
[EndTime "10:06:54 PDT"]
[Termination "AlexOstrovskiy won by resignation"]

1. e4 c6 2. d4 d5 3. exd5 cxd5 4. Bd3 Nc6 5. c3 Qc7 6. Ne2 Bg4 7. f3 Bd7 8. Bf4 e5 9. dxe5 Nxe5 10. Bc2 Nf6 11.
Nd2 Bd6 12. O-O O-O 13. Nb3 Rfe8 14. Nbd4 Nc4 15. Bxd6 Qxd6 16. Qc1 b5 17. Ng3 a5 18. Re1 b4 19. b3 Ne5 20. cxb4 axb4 21. Qd2 Qb6 22.
Kh1 Ng6 23. Bf5 Nf8 24. Rxe8 Rxe8 25. Rd1 g6 26. Bxd7 N8xd7 27. h3 Re5 28. Nc2 Kg7 29. Qxb4 Qf2 30. Nd4 Qxg3 31. Qd6 Re1+ 0-1

[Event "*** SCC Grand Prix: Titled Tuesday Blitz"]
[Site "Chess.com"]
[Date "2020.07.21"]
[Round "1"]
[White "AlexVanGog"]
[Black "saisree"]
[Result "1-0"]
[WhiteElo "2806"]
[BlackElo "2402"]
[TimeControl "180+1"]
[EndTime "10:06:55 PDT"]
[Termination "AlexVanGog won by resignation"]

1. d4 d5 2. c4 e6 3. Nf3 Nf6 4. g3 b6 5. cxd5 exd5 6. Bg2 Bb7 7. O-O Bd6 8. Nc3 a6 9. Ne5 Nbd7 10. Bf4 O-O 11. Qb3 Nh5 12. Nxd5 Nxf4 13. gxf4 c5 14.
Nxd7 Bxd5 15. Bxd5 Qxd7 16. Bxa8 Rxa8 17. Qf3 Re8 18. Rad1 c4 19. e4 Re6 20. e5 Be7 21.
Kh1 Rh6 22. Rg1 Qf5 23. d5 g6 24. d6 Bd8 25. Rg2 Qc2 26. Rdg1 Kg7 27. f5 Qxb2 28. f6+ Kf8 29. Qa8 Ke8 30. Qc6+ Kf8 31. Qd7 Bxf6 32. exf6 Qxf6 33. Qc8+ Kg7 34. Qxc4 Qxd6 35. Qc3+ Kg8 36. Qg3 Qd5 37. f3 b5 38. Qg4 Rh5 39. Qc8+ Kg7 40. Qc3+ f6 41. Rd2 Rf5 42. Rxd5 1-0

[Event "*** SCC Grand Prix: Titled Tuesday Blitz"]
[Site "Chess.com"]
[Date "2020.07.21"]
[Round "1"]
[White "enkhtuul"]
[Black "INDIAN-ELEPHANT"]
[Result "1/2-1/2"]
[WhiteElo "2389"]
[BlackElo "2741"]
[TimeControl "180+1"]
[EndTime "10:06:55 PDT"]
[Termination "Game drawn by agreement"]

1. e4 e5 2. Nf3 Nc6 3. c3 Nf6 4.
d4 Nxe4 5. d5 Ne7 6. Nxe5 Ng6 7.
Qe2 Qe7 8. Qxe4 Qxe5 9. Qxe5+ Nxe5 10. f4 Ng6 11. Bd3 Bc5 12. b4 Bb6 13. Na3 d6 14. Nc4 Ne7 15. a4 a6 16. Nxb6 cxb6 17. Be3 Nxd5 18.
Bd4 Nxf4 19. Bf1 O-O 20. Bxb6 Re8+ 21. Kd2 Bg4 22. h3 Be2 23. g3 Bxf1 24. gxf4 Bc4 25. Rae1 f6 26. Rhg1 Kf7 27. a5 Rac8 28. Bd4 Bb5 29.
h4 h5 30. Re3 Rxe3 31. Bxe3 Re8 32. Re1 Bc6 33. Bd4 Be4 34. Re3 g6 35. Rg3 Bf5 36. Re3 Rc8 37. Rg3 Be6 38. Re3 Rg8 39. Rg3 Bg4 40. Be3 Re8 41. Kd3 Ke6 42. Bd2 Kf5 43.
Re3 Rxe3+ 44. Kxe3 Bd1 45. Be1 Kg4 46. Ke4 Bc2+ 47. Ke3 d5 48. Bf2 Bb3 49. Be1 Bc4 50. Bf2 Kh3 51. Be1 Kg2 52. Bf2 Ba2 53. Be1 Bb1 54. Bf2 Kh3 55. Be1 Kg4 56. Bf2 g5 57. fxg5 fxg5 58. hxg5 Kxg5 59. Kf3 Be4+ 60. Kg3 h4+ 61. Kh3 Bf5+ 62. Kh2 Kg4 63. Bd4 h3 64. Be5 Kf3 65. Bd4 Ke4 66. Bf6 Kd3 67. Bd4 Kc4 68.
Bf6 Kb5 69. Bd4 Be6 70. Kg3 1/2-1/2

[Event "*** SCC Grand Prix: Titled Tuesday Blitz"]
[Site "Chess.com"]
[Date "2020.07.21"]
[Round "1"]
[White "ErikRonka"]
[Black "QuintilianoR"]
[Result "1/2-1/2"]
[WhiteElo "2349"]
[BlackElo "2674"]
[TimeControl "180+1"]
[EndTime "10:06:57 PDT"]
[Termination "Game drawn by repetition"]

1. e4 c5 2. Nf3 d6 3. Bb5+ Nd7 4. d4 cxd4 5. Qxd4 a6 6. Bxd7+ Bxd7 7. c4 Rc8 8. Nc3 e5 9. Qd3 Qc7 10. b3 b5 11. Nd5 Qc6 12. Nd2 Nf6 13. Nxf6+ gxf6 14. Bb2 Bh6 15. O-O Bxd2 16. Qxd2 bxc4 17. Rac1 Qxe4 18.
Rfe1 Qd3 19. Qh6 Qg6 20. Qd2 Bc6 21. f4 Rg8 22. g3 Qd3 23. Qxd3 cxd3 24. Re3 e4 25.
Rxe4+ Bxe4 26. Rxc8+ Kd7 27. Rc4 d5 28. Rc1 Rc8 29.
Rxc8 Kxc8 30. Kf2 f5 31. Ke3 Kd7 32. Bc3 Kc6 33. Kd4 h5 34. Bd2 Kd6 35. Bc3 Ke6 36. Bd2 Kd6 37. Bc3 Kc6 38. Bd2 Kd6 1/2-1/2

[Event "*** SCC Grand Prix: Titled Tuesday Blitz"]
[Site "Chess.com"]
[Date "2020.07.21"]
[Round "1"]
[White "joksijoksi"]
[Black "Tooweak2slow03"]
[Result "0-1"]
[WhiteElo "2343"]
[BlackElo "2686"]
[TimeControl "180+1"]
[EndTime "10:06:58 PDT"]
[Termination "Tooweak2slow03 won by resignation"]

1. d4 e6 2. c4 f6 3. Nc3 Bb4 4. e4 b6 5. Bd3 Bb7 6. d5 e5 7. Ne2 Ne7 8. a3 Bxc3+ 9. bxc3 d6 10.
Ng3 O-O 11. Be2 Nd7 12. Bg4 Ba6 13. Qe2 Nc5 14. Be3 Ng6 15. Bxc5 bxc5 16. Be6+ Kh8 17. Nh5 Qe7 18. g3 Rab8 19. f4 exf4 20. gxf4 f5 21.
exf5 Qh4+ 22. Ng3 Nxf4 23. Qe4 Bxc4 24. Rb1 Rxb1+ 25. Qxb1 Nd3+ 26. Kd1 Qg4+ 27. Kc2 Nf2 28. Qe1 Nxh1 29. Qxh1 Rb8 30. f6 Qg6+ 31. Bf5 Qxf6 32. Qe4 Ba2 33. Qf3 Bb1+ 34. Kd2 Bxf5 35. Qxf5 Qxf5 36. Nxf5 Rb3 37. Ng3 Rxa3 38. Nh5 Ra2+ 39. Kd3 Rxh2 40. Nf4 a5 41. Ne6 a4 42. Nxc7 a3 43.
Nb5 a2 0-1

[Event "*** SCC Grand Prix: Titled Tuesday Blitz"]
[Site "Chess.com"]
[Date "2020.07.21"]
[Round "1"]
[White "AldokhinIvan"]
[Black "mirochka"]
[Result "1-0"]
[WhiteElo "2559"]
[BlackElo "2172"]
[TimeControl "180+1"]
[EndTime "10:06:58 PDT"]
[Termination "AldokhinIvan won on time"]

1. e4 c5 2. Nf3 Nc6 3. d4 cxd4 4.
Nxd4 e5 5. Nb5 d6 6. c4 Be7 7. N1c3 a6 8. Na3 f5 9. g3 Nf6 10. Bg2 O-O 11. O-O Qe8 12. Nc2 f4 13. gxf4 exf4 14. Bxf4 Nxe4 15. Qd5+ Kh8 16. Qxe4 Bf5 17. Qe3 Bxc2 18. Nd5 Qg6 19. Qg3 Qf7 20. Rae1 Bf6 21. Bxd6 Rfe8 22. Nxf6 Qxf6 23. Bxc6 bxc6 24.
Be5 Qf7 25. Bc3 Bg6 26. f4 Red8 27. f5 Bh5 28. f6 g6 29. Re7 1-0

[Event "*** SCC Grand Prix: Titled Tuesday Blitz"]
[Site "Chess.com"]
[Date "2020.07.21"]
[Round "1"]
[White "mishanick"]
[Black "LastHeroJr"]
[Result "1-0"]
[WhiteElo "2905"]
[BlackElo "2440"]
[TimeControl "180+1"]
[EndTime "10:07:00 PDT"]
[Termination "mishanick won on time"]

1. d4 Nf6 2. c4 g6 3. Nc3 Bg7 4.
e4 d6 5. Be2 O-O 6. Be3 e5 7.
d5 c6 8. g4 cxd5 9. cxd5 a6 10. g5 Nh5 11. Bxh5 gxh5 12. Qxh5 b5 13. Nge2 Nd7 14. Ng3 Nc5 15. Bxc5 dxc5 16. Nf5 b4 17. Nd1 Bxf5 18. exf5 Qxd5 19. Rg1 f6 20. Ne3 Qe4 21. Rg4 Qh1+ 22. Nf1 Qd5 23. Rd1 Qc6 24. Rh4 fxg5 25. Qxh7+ Kf7 26. Qh5+ Kg8 27. Qxg5 Qf6 28. Qg3 Qxf5 29. Ne3 Qf3 30. Rg4 Qxg3 31. hxg3 Rad8 32. Rc1 Rc8 33. b3 Rc6 34. Rd1 Rcf6 35. Rd7 R6f7 36. Rxf7 Rxf7 37.
Rc4 Rc7 38. Nd5 Rd7 39. Rxc5 Kf7 40. Ke2 Bf8 41. Ra5 1-0

[Event "*** SCC Grand Prix: Titled Tuesday Blitz"]
[Site "Chess.com"]
[Date "2020.07.21"]
[Round "1"]
[White "killer311"]
[Black "Dedic8"]
[Result "0-1"]
[WhiteElo "2389"]
[BlackElo "2771"]
[TimeControl "180+1"]
[EndTime "10:07:00 PDT"]
[Termination "Dedic8 won by checkmate"]

1. d4 Nf6 2. c4 g6 3. g3 Bg7 4.
Bg2 c6 5. Nf3 d5 6. O-O O-O 7.
b3 a5 8. Nc3 Bf5 9. Bb2 Nbd7 10. Rc1 Ne4 11. Nh4 Nxc3 12. Bxc3 Be6 13. e4 Nf6 14. cxd5 cxd5 15. e5 Ne4 16. Bb2 a4 17. bxa4 Qa5 18. Ba3 Rfe8 19. Qc2 Qxa4 20. Bb2 Qxc2 21.
Rxc2 Rxa2 22. Ra1 Rea8 23. Rxa2 Rxa2 24. f3 Nc3 25. Rxc3 Rxb2 26. Rc7 Bf8 27. f4 f6 28. Nf3 Bf5 29. exf6 exf6 30. h4 Be4 31. Ne1 Re2 32.
Nf3 b5 33. Rb7 b4 34. Kf1 Ra2 35. Ne1 Rd2 36. Nf3 Rb2 37. Ne1 b3 38. Rb5 Ba3 39. Rb8+ Kf7 40. Rb7+ Ke8 41. Rb8+ Kd7 42. Rb7+ Kc6 43.
Ra7 Bb4 44. Rxh7 Rxg2 45. Nxg2 b2 46. Ne3 b1=Q+ 47. Kf2 Qe1# 0-1

[Event "*** SCC Grand Prix: Titled Tuesday Blitz"]
[Site "Chess.com"]
[Date "2020.07.21"]
[Round "1"]
[White "kobemagic"]
[Black "fmshawnrl123"]
[Result "0-1"]
[WhiteElo "2318"]
[BlackElo "2645"]
[TimeControl "180+1"]
[EndTime "10:07:01 PDT"]
[Termination "fmshawnrl123 won on time"]

1. d4 Nf6 2. Bg5 c6 3. Bxf6 exf6 4. g3 g6 5. Bg2 Bg7 6. Nf3 O-O 7. O-O f5 8. Nc3 d6 9. Re1 Re8 10. e4 fxe4 11.
Nxe4 d5 12. Nc5 Rxe1+ 13. Qxe1 b6 14. Nd3 Bf5 15. Qd2 Nd7 16. Re1 Qc7 17. c3 Nf6 18. Nfe5 Ne4 19. Qf4 Nd6 20. g4 Be6 21. h3 Re8 22.
Nb4 Bc8 23. Nbxc6 f6 24. Bxd5+ Be6 25. Bxe6+ Rxe6 26. d5 fxe5 27. Nxe5 Rxe5 28. Rxe5 Bxe5 29. Qxe5 Qd7 30. f4 Nf7 31. Qd4 Qd6 32. a3 a6 33. c4 a5 34. b3 Qxa3 35. Qxb6 Qc1+ 36.
Kg2 Qb2+ 37. Kf3 a4 38. Qb8+ Kg7 39. d6 Qxb3+ 0-1

[Event "*** SCC Grand Prix: Titled Tuesday Blitz"]
[Site "Chess.com"]
[Date "2020.07.21"]
[Round "1"]
[White "KyrgyzFighter"]
[Black "ftorodent"]
[Result "0-1"]
[WhiteElo "2296"]
[BlackElo "2630"]
[TimeControl "180+1"]
[EndTime "10:07:01 PDT"]
[Termination "ftorodent won by resignation"]

1. c4 f5 2. Nc3 Nf6 3. e4 fxe4 4. d3 e5 5. g4 g6 6. h4 d6 7. g5 Nh5 8. Nxe4 Bf5 9. Be2 Bxe4 10. dxe4 Nf4 11.
Bxf4 exf4 12. Qd4 Rg8 13. Qd5 Rg7 14. Qxb7 Nd7 15. Qd5 Rb8 16. b3 Ne5 17. Nf3 Re7 18.
Nd4 Qd7 19. Rd1 c6 20. Qa5 Bg7 21. h5 Kf7 22. f3 Qe8 23. Kf2 Rd7 24. Bf1 Qd8 25.
Qa3 Qb6 26. Bh3 Nxc4 27. bxc4 Bxd4+ 28. Kg2 Qb2+ 29. Qxb2 Rxb2+ 30. Kf1 Rdb7 31. Rxd4 Rb1+ 32. Ke2 Rxh1 33. Bg2 Rb2+ 34. Rd2 Rxd2+ 35. Kxd2 Rh2 36. Kc3 Rxg2 37. Kb4 Rxg5 0-1

[Event "*** SCC Grand Prix: Titled Tuesday Blitz"]
[Site "Chess.com"]
[Date "2020.07.21"]
[Round "1"]
[White "crazychessbr"]
[Black "Thee-Chessboy"]
[Result "0-1"]
[WhiteElo "2127"]
[BlackElo "2531"]
[TimeControl "180+1"]
[EndTime "10:07:01 PDT"]
[Termination "Thee-Chessboy won on time"]

1. e4 c5 2. d3 Nc6 3. g3 g6 4. Bg2 Bg7 5. f4 d6 6. Nf3 Nf6 7.
O-O O-O 8. c3 c4 9. h3 cxd3 10.
Qxd3 Rb8 11. Na3 b5 12. Nd4 Nxd4 13. cxd4 d5 14. e5 Ne4 15. g4 Qb6 16. f5 Bxe5 17. Be3 Bg7 18. Bxe4 dxe4 19. Qxe4 Bb7 20. Qf4 Qc6 21. Qh2 Qe4 22. Qd2 Rfd8 23. Nc2 Rbc8 24. Rac1 Qh1+ 25. Kf2 Qxh3 26. Rg1 Qf3+ 27. Ke1 Be4 28.
Nb4 Rxc1+ 29. Qxc1 a5 30. Rf1 Qg2 31. Na6 Bd3 32.
Rf2 Qxg4 33. Nc5 Bxf5 0-1

[Event "*** SCC Grand Prix: Titled Tuesday Blitz"]
[Site "Chess.com"]
[Date "2020.07.21"]
[Round "1"]
[White "BabyBoss31"]
[Black "Zurability"]
[Result "0-1"]
[WhiteElo "2190"]
[BlackElo "2568"]
[TimeControl "180+1"]
[EndTime "10:07:02 PDT"]
[Termination "Zurability won by resignation"]

1. d4 Nf6 2. Bf4 g6 3. Nc3 Bg7 4. e4 d6 5. Qd2 a6 6. O-O-O b5 7. f3 Bb7 8. Bh6 Bxh6 9. Qxh6 Nbd7 10. g4 e5 11.
Nge2 Qe7 12. h4 b4 13. Nb1 exd4 14. Nxd4 Ne5 15. Bg2 c5 16. Ne2 O-O-O 17. Qe3 Rhe8 18. g5 Nfd7 19. Ng3 Nb6 20. b3 d5 21. f4 d4 22. Qe2 Nc6 23. Rhe1 f6 24. f5 Ne5 25.
gxf6 Qxf6 26. fxg6 Qf4+ 27. Qd2 Qxg3 28. gxh7 Rh8 29.
Rg1 Rxh7 30. Bh1 Qxh4 31. Rg5 Nbd7 32. Rdg1 Rf8 33. Qg2 Qf4+ 34. Nd2 Rh2 0-1